 Dungeon Crawl Stone Soup version 0.27-a0-1188-g73eefd5def (webtiles) character file.

Game seed: 17616527367382852570

795 Hasart the Magician (level 8, -4/55 HPs)
             Began as a Djinni Conjurer on May 20, 2021.
             Was an Initiate of Gozag.
             Slain by a troll (13 damage)
             ... on level 5 of the Dungeon.
             The game lasted 00:14:12 (6209 turns).

Hasart the Magician (Djinni Conjurer)               Turns: 6209, Time: 00:14:12

Health: -4/55      AC:  0    Str:  6    XL:     8   Next: 13%
Gold:   348        EV: 13    Int: 22    God:    Gozag SH:  0 Dex: 12

rFire    + + +     SeeInvis .   f - +0 trident (venom)
rCold    . . .     Faith    .   (no shield)
rNeg     + . .     Spirit   .   a - +0 robe
rPois    ∞         Reflect  .   e - -2 hat of the Alchemist {rElec rPois rF+ rC+ rN+ Will+ rMut rCorr}
rElec    +         Harm     .   (no cloak)
rCorr    +         Rampage  .   (no gloves)
rMut     +                      (boots unavailable)
Will     +....                  (no amulet)
Stlth    ++........             (no ring)
HPRegen  0.18/turn              (no ring)
MPRegen  0.00/turn

@: gold aura, flying
A: sickness immunity, fire resistance 2, cold vulnerability 1, float, innate
caster, hp casting, extra vitality 1
a: Renounce Religion, Potion Petition, Call Merchant, Bribe Branch


You were on level 5 of the Dungeon.
You worshipped Gozag.
Gozag was aware of your devotion.
You visited 1 branch of the dungeon, and saw 5 of its levels.
You also visited: Sewer and Ossuary.

You collected 480 gold pieces.
You paid 132 gold pieces to Gozag.

Inventory:

Hand Weapons
 f - a +0 trident of venom (weapon)
Missiles
 g - 2 throwing nets
Armour
 a - a +0 robe (worn)
 e - the -2 hat of the Alchemist (worn) {rElec rPois rF+ rC+ rN+ Will+ rMut rCorr}
   (You acquired it on level 4 of the Dungeon)

   It protects you from fire.
   It protects you from cold.
   It insulates you from electricity.
   It protects you from poison.
   It protects you from negative energy.
   It protects you from acid and corrosion.
   It protects you from mutation.
   It increases your willpower.
Magical Staves
 i - a staff of earth
Scrolls
 d - 5 scrolls of teleportation
 h - a scroll of identify
 m - a scroll of fog {unknown}
Potions
 b - 4 potions of lignification
 c - 7 potions of flight
 j - 6 potions of resistance {unknown}
 k - 4 potions of might {unknown}
 l - 3 potions of degeneration {unknown}
 n - 2 potions of curing {unknown}
 o - a potion of magic {unknown}
 q - 3 potions of brilliance {unknown}
 r - a potion of attraction {unknown}


   Skills:
 + Level 2.8 Fighting
 + Level 5.3 Dodging
 - Level 1.5 Stealth
 * Level 6.0 Spellcasting


You couldn't memorise any spells.
You knew the following spells:

 Your Spells              Type           Power      Damage    Failure   Level
a - Magic Dart            Conj           100%       1d8       1%          1
b - Searing Ray           Conj           66%        3d5       1%          2
c - Dazzling Flash        Conj/Hex       66%        N/A       2%          3
d - Fulminant Prism       Conj/Hex       16%        3d11      8%          4
e - Iskenderun's Mystic   Conj/Tloc      33%        2d8       8%          4
f - Summon Small Mammal   Summ           100%       N/A       1%          1
g - Poisonous Vapours     Pois/Air       66%        N/A       1%          2
h - Wereblood             Tmut           33%        N/A       1%          2
Your spell library was empty.

Dungeon Overview and Level Annotations

Branches:
Dungeon (5/15)              Sewer (visited)         Ossuary (visited)
 Temple: D:4-7

Altars:
Elyvilon
Gozag
Qazlal
Vehumet
Zin


Innate Abilities, Weirdness & Mutations

You are immune to sickness and miasma.
You are immune to poison.
Your flesh is very heat resistant. (rF++)
You are vulnerable to cold. (rC-)
You float through the air rather than walking.
You learn spells naturally, not from books.
Your magical power is your life essence.
You have superior vitality. (+4 HP)


Message History

Confirm with . or Enter, or press ? or * to list all spells.
Aiming: Searing Ray (safe; 1% risk of failure)
Press: ? - help, Shift-Dir - straight line, f - troll
Aim: a troll (ally target, 81% to hit)
The searing ray hits the hound!
The hound is almost dead.
The searing ray misses the troll. (Press . to maintain the ray.)
The hound bites you.
Your fulminant prism explodes!
The blast of energy engulfs the troll!!
The troll is heavily wounded.
The blast of energy engulfs the jelly!
You kill the jelly!
The blast of energy engulfs the hound!
You kill the hound!
Your fulminant prism crackles loudly.
Your Spellcasting skill increases to level 6!
Unknown command.
Unknown command.
The searing ray hits the troll.
The troll is heavily wounded.
The troll closely misses you. The troll claws you!
* * * LOW HITPOINT WARNING * * *
The troll claws you.
* * * LOW HITPOINT WARNING * * *
Your fulminant prism explodes!
The blast of energy engulfs the troll!
The troll is severely wounded.
Unknown command.
Unknown command.
Unknown command.
The searing ray hits the troll!
The troll is almost dead.
* * * LOW HITPOINT WARNING * * *
The troll bites you.
* * * LOW HITPOINT WARNING * * *
The troll claws you!
You die...
Your body crumbles into a pile of gold.

... #..........
.......[....#..........
....[.........<.......
..#$.................
....................
##......###..........
#........##..........
#...T...##...........
#..@...............#
###...###............#
#....................#
#.....................
#..#.##.............#.
##### #...............
##.............#
##.........##.#
#..........####


You could see a troll.

Vanquished Creatures
  A black bear (D:4)
  A phantom (D:5)
  A scorpion (D:5)
  A hound (D:5)
  A jelly (D:5)
  Jessica (D:2)
  2 iguanas
  2 orc wizards (D:4)
  8 mummies (Ossuary)
  8 gnolls
  7 adders
  An adder skeleton (D:5)
  8 worms
  A dart slug (D:1)
  4 orcs
  11 ball pythons
  8 bats
  6 endoplasms
  5 giant cockroaches
  2 goblins
  9 hobgoblins
  10 jackals
  10 kobolds
  7 quokkas
  3 frilled lizards
  2 hobgoblin zombies (Ossuary)
  4 kobold zombies (Ossuary)
  2 orc zombies (Ossuary)
  5 rats
131 creatures vanquished.

Vanquished Creatures (others)
  5 fulminant prisms
  2 plants (D:1)
7 creatures vanquished.

Grand Total: 138 creatures vanquished

Notes
Turn   | Place    | Note
-------+----------+-------------------------------------------
     0 | D:1      | Hasart the Djinni Conjurer began the quest for the Orb.
     0 | D:1      | Reached XP level 1. HP: 15/15 MP: 0/0
    56 | D:1      | Reached XP level 2. HP: 2/21 MP: 0/0
   494 | D:1      | Found a faded altar of an unknown god.
   918 | D:1      | Reached XP level 3. HP: 20/25 MP: 0/0
   918 | D:1      | Learned a level 1 spell: Summon Small Mammal
  1193 | D:2      | Reached skill level 4 in Spellcasting
  1193 | D:2      | Reached XP level 4. HP: 19/31 MP: 0/0
  1945 | D:2      | Reached XP level 5. HP: 32/35 MP: 0/0
  1945 | D:2      | Learned a level 2 spell: Poisonous Vapours
  1988 | D:2      | Noticed Jessica
  1991 | D:2      | Killed Jessica
  3011 | D:3      | Found a white marble altar of Elyvilon.
  3011 | D:3      | Found a stormy altar of Qazlal.
  3017 | D:3      | Found a glowing silver altar of Zin.
  3020 | D:3      | Found a faded altar of an unknown god.
  3092 | D:3      | Reached XP level 6. HP: 16/40 MP: 0/0
  3243 | D:3      | Found a glowing drain.
  3281 | Sewer    | Entered a sewer
  4282 | D:3      | Reached skill level 5 in Spellcasting
  4632 | D:4      | Reached skill level 1 in Fighting
  4848 | D:4      | Found a sand-covered staircase.
  4854 | Ossuary  | Entered an ossuary
  4913 | Ossuary  | Reached XP level 7. HP: 26/47 MP: 0/0
  4913 | Ossuary  | Learned a level 2 spell: Wereblood
  5440 | D:4      | Identified a scroll of acquirement
  5440 | D:4      | Acquired the -2 hat of the Alchemist {rElec rPois rF+ rC+
                  | rN+ Will+ rMut rCorr}
  5441 | D:4      | Found the -2 hat of the Alchemist {rElec rPois rF+ rC+ rN+
                  | Will+ rMut rCorr}
  5484 | D:4      | Found an opulent altar of Gozag.
  5489 | D:4      | Became a worshipper of Gozag Ym Sagoz the Greedy
  6008 | D:5      | Entered Level 5 of the Dungeon
  6060 | D:5      | Reached skill level 5 in Dodging
  6103 | D:5      | Reached XP level 8. HP: 50/55 MP: 0/0
  6201 | D:5      | Noticed a troll
  6208 | D:5      | Reached skill level 6 in Spellcasting
  6209 | D:5      | Slain by a troll

Illustrated notes

Levels and vault maps discovered:
D:1:      scummos_arrival_checkerplants, layout_rooms,
          shapermc_ecumenical_altar_mp_ritualfount, st_stairs_11
D:2:      layout_basic, patterned_corridor, uniq_jessica
D:3:      wander_river, layout_rooms, chequers_temple_overflow_minitemple,
          cheibrodos_sewer_entry_drain, amcnicky_mini_corridor_feature,
          kennysheep_cross_bottleneck, bh_walls_and_bars
D:4:      layout_basic, nicolae_gozag_cash_rules_everything_around_me,
          nicolae_ossuary_entry_plus, minmay_crossroads
D:5:      layout_cave_pools, gammafunk_temple_overflow_arena, serial_shops,
          shop, st_stairs_7

Skill      XL: |  1  2  3  4  5  6  7  8 |
---------------+-------------------------+-----
Dodging        | 3 4 5 |  5.3
Spellcasting   | 4 5 6 |  6.0
Fighting       | 1 2 |  2.8
Stealth        | |  1.5

Action                   |  1- 3 |  4- 6 |  7- 9 || total
-------------------------+-------+-------+-------++-------
Melee: Unarmed           |    11 |       |       ||    11
       Trident           |       |    95 |    10 ||   105
 Cast: Magic Dart        |    39 |    14 |    18 ||    71
       Searing Ray       |     5 |    27 |    10 ||    42
       Poisonous Vapours |       |     7 |       ||     7
       Fulminant Prism   |       |     1 |     4 ||     5
  Use: Scroll            |       |       |     7 ||     7
 Stab: Sleeping          |       |     2 |       ||     2
Armor: Robe              |     3 |    17 |     3 ||    23
Dodge: Dodged            |     1 |    80 |    15 ||    96

Table legend: (Time is in decaauts)
 A = Elapsed time spent in this place.
 B = Non-inter-level travel time spent in this place.
 C = Inter-level travel time spent in this place.
 D = Time resting spent in this place.
 E = Time spent auto-exploring this place.
 F = Levels seen in this place.
 G = Mean time per level.
                   A        B        C        D        E       F      G
               +--------+--------+--------+--------+--------+-----+--------+
         Total |   6239 |   6061 |    178 |   1389 |   3650 |   7 |  891.3 |
       Dungeon |   4670 |   4492 |    178 |    632 |   3129 |   5 |  934.0 |
         Sewer |    981 |    981 |      0 |    404 |    407 |   1 |  981.0 |
       Ossuary |    587 |    587 |      0 |    353 |    114 |   1 |  587.0 |
               +--------+--------+--------+--------+--------+-----+--------+

Top non-repeatable levels by time:
     D:2: 1710 daAuts
     D:1: 1134 daAuts
     D:4: 1132 daAuts
   Sewer: 981 daAuts
 Ossuary: 587 daAuts
     D:3: 492 daAuts
     D:5: 200 daAuts
